4 chinese maphackers

Match 33267542
End
Construct Section Command Post
Selects Heavy Armor Battlegroup
Selects Heavy Armor Battlegroup
Selects Heavy Armor Battlegroup
Dingo Light Scout Car
Infantry Section
ML 3-inch Mortar Team
Infantry Section
Selects Rigorous Vehicle Training
Selects Light Vehicle Withdraw and Refit
Construct Platoon Command Post
Selects Rigorous Vehicle Training
Construct Company Command Post
Selects Radio Net
Crusader II Medium Tank
Selects Designate Targets
Royal Engineer Section
Foot Guards Section
Crusader II Medium Tank
Crusader II Medium Tank
Armored Vehicle Training
Crusader II Medium Tank
foot man
风峣
traat
Unreal Engine
Skibidi Rizzler
sarigom
~SB 真多~
飞行的猫先森
0
0

Comments sign in to comment!

No comments posted yet!